 Dungeon Crawl Stone Soup version 0.29-a0-384-g6960b1960d (webtiles) character file.

Game seed: 9428587405944854641

163 HendSelp the Insei (level 5, -1/33 HPs)
             Began as an Octopode Transmuter on May 6, 2022.
             Killed by nerve-wracking pain
             ... invoked by an orc priest
              (2 damage)
             ... on level 2 of the Dungeon.
             The game lasted 00:02:29 (2624 turns).

HendSelp the Insei (Octopode Transmuter)            Turns: 2624, Time: 00:02:29

Health: -1/33      AC:  1    Str: 10    XL:     5   Next: 44%
Magic:  0/9        EV: 17    Int: 17    God:
Gold:   53         SH:  0    Dex: 12    Spells: 4/10 levels left

rFire   . . .      SeeInvis .     - Unarmed
rCold   . . .      Faith    .   (no shield)
rNeg    . . .      Spirit   +   (helmet currently unavailable)
rPois   +          Reflect  .   h - amulet of guardian spirit
rElec   .          Harm     .   f - +4 ring of evasion
rCorr   .          Rampage  .   (no ring)
Will    .....                   (no ring)
Stlth   ++........              (no ring)
HPRegen 0.11/turn               (no ring)
MPRegen 0.11/turn               (no ring)
                                (no ring)
                                (no ring)

@: mighty, appendages
A: tentacle spike 3, almost no armour, amphibious, 8 rings, camouflage 1,
gelatinous body 1, (nimble swimmer 1), tentacles, poison resistance
a: End Transformation


You were on level 2 of the Dungeon.
One of your tentacles had grown a beastly spike.
You visited 1 branch of the dungeon, and saw 2 of its levels.

You collected 53 gold pieces.

Inventory:

Jewellery
 f - a +4 ring of evasion (left tentacle)
 h - an amulet of guardian spirit (around mantle)


   Skills:
 + Level 1.3 Fighting
 - Level 2.0 Dodging
 + Level 4.7 Unarmed Combat
 + Level 3.0 Spellcasting
 + Level 2.9 Transmutations


You had 4 spell levels left.
You knew the following spells:

 Your Spells              Type           Power      Damage    Failure   Level
a - Beastly Appendage     Tmut           24%        N/A       5%          1
b - Wereblood             Tmut           12%        N/A       8%          2
c - Spider Form           Tmut/Pois      7%         N/A       28%         3

Your spell library contained the following spells:

 Spells                   Type           Power      Damage    Failure   Level
 Animate Skeleton         Necr           4%         N/A       17%         1
 Apportation              Tloc           4%         N/A       17%         1
 Summon Small Mammal      Summ           8%         N/A       17%         1
 Ice Form                 Ice/Tmut       7%         N/A       67%         4


Dungeon Overview and Level Annotations

Branches:
Dungeon (2/15)

Altars:


Innate Abilities, Weirdness & Mutations

One of your tentacles has grown a beastly spike.
You cannot wear most types of armour.
You are amphibious.
You can wear up to eight rings at the same time.
Your skin changes colour to match your surroundings (Stealth+).
Your rubbery body absorbs attacks. (AC +1, EV +1)
((You are camouflaged when in or above water. (Stealth+)))
You have tentacles for arms and can constrict up to eight enemies at once.
Your system is resistant to poisons. (rPois)


Message History

The orc wizard hits you with a +0 dagger.
The kobold completely misses you.
The orc priest invokes the aid of Beogh against you.
Beogh smites you!
* * * LOW HITPOINT WARNING * * *
You bludgeon the orc wizard!
You kill the orc wizard!
The kobold misses you.
Unknown command.
Unknown command.
You bludgeon the orc!
You kill the orc!
The kobold barely misses you.
The orc priest casts a cantrip, but nothing happens.
A quokka comes into view.
Unknown command.
Unknown command.
Unknown command.
Unknown command.
Unknown command.
Unknown command.
Unknown command.
You bludgeon the kobold!
You kill the kobold!
The orc hits you with a +0 falchion.
* * * LOW HITPOINT WARNING * * *
Unknown command.
Casting: Beastly Appendage (safe; 5% risk of failure)
Confirm with . or Enter, or press ? or * to list all spells.
You don't have enough magic to cast this spell.
Unknown command.
You bludgeon the orc!
You kill the orc!
Unknown command.
Unknown command.
You bludgeon the orc priest! Your grab misses the orc priest.
The orc priest is almost dead.
The orc priest invokes the aid of Beogh against you.
Pain shoots through your body!
You die...

###.# #.....
#...#
#......
#.###
#.#.... #.#
#....... #.#
...#.... #.#
#####..# #.#
####.## ..##
#.##.......
##
#..@o....#
#...)).r....
###.........
#........#
##..$....#
.......##
.......#
.......#


You could see an orc priest and a quokka.

Vanquished Creatures
  An orc wizard (D:2)
  8 gnolls
  2 adders (D:2)
  2 dart slugs (D:1)
  2 orcs (D:2)
  A bat (D:2)
  2 endoplasms (D:1)
  3 giant cockroaches
  3 goblins
  4 hobgoblins (D:1)
  6 kobolds
  A quokka (D:2)
  2 ball pythons (D:1)
  2 frilled lizards
  2 rats (D:1)
41 creatures vanquished.

Notes
Turn   | Place    | Note
-------+----------+-------------------------------------------
     0 | D:1      | HendSelp the Octopode Transmuter began the quest for the
                  | Orb.
     0 | D:1      | Reached XP level 1. HP: 13/13 MP: 3/3
   324 | D:1      | Reached XP level 2. HP: 18/18 MP: 3/5
  1088 | D:1      | Learned a level 2 spell: Wereblood
  1136 | D:1      | Reached XP level 3. HP: 19/23 MP: 3/6
  1554 | D:1      | Found a faded altar of an unknown god.
  1614 | D:2      | Reached skill level 4 in Unarmed Combat
  1627 | D:2      | Reached XP level 4. HP: 28/28 MP: 4/7
  2090 | D:2      | Gained mutation: Your system is resistant to poisons.
                  | (rPois) [potion of mutation]
  2407 | D:1      | Learned a level 3 spell: Spider Form
  2418 | D:2      | Reached XP level 5. HP: 14/33 MP: 2/9
  2621 | D:2      | HP: 1/33 [orc/+0 falchion (2)]
  2624 | D:2      | Killed from afar by an orc priest

Illustrated notes

Levels and vault maps discovered:
D:1:      dpeg_arrival_more_subterranean_lakeside_camping, layout_loops_cross,
          shapermc_ecumenical_altar_notcrosses
D:2:      layout_rooms, moated_statue

Skill      XL: |  1  2  3  4  5 |
---------------+----------------+-----
Unarmed Combat | 4 |  4.7
Spellcasting   | 3 |  3.0
Fighting       | |  1.3
Dodging        | |  2.0
Transmutations | |  2.9

Action                   |  1- 3 |  4- 6 || total
-------------------------+-------+-------++-------
Melee: Unarmed           |    62 |    46 ||   108
       Constrict         |    16 |     6 ||    22
       Tentacles         |    12 |     4 ||    16
       Kick              |     4 |     1 ||     5
       Punch             |     2 |     3 ||     5
 Cast: Beastly Appendage |    14 |     4 ||    18
       Wereblood         |       |     1 ||     1
  Use: Scroll            |     3 |     3 ||     6
       Potion            |       |     5 ||     5
 Stab: Sleeping          |     3 |       ||     3
Armor: Skin              |     3 |    37 ||    40
Dodge: Dodged            |    45 |    26 ||    71

Table legend: (Time is in decaauts)
 A = Elapsed time spent in this place.
 B = Non-inter-level travel time spent in this place.
 C = Inter-level travel time spent in this place.
 D = Time resting spent in this place.
 E = Time spent auto-exploring this place.
 F = Levels seen in this place.
 G = Mean time per level.
                   A        B        C        D        E       F      G
               +--------+--------+--------+--------+--------+-----+--------+
         Total |   2619 |   2606 |     13 |    615 |   1642 |   2 | 1309.5 |
       Dungeon |   2619 |   2606 |     13 |    615 |   1642 |   2 | 1309.5 |
               +--------+--------+--------+--------+--------+-----+--------+

Top non-repeatable levels by time:
     D:1: 2229 daAuts
     D:2: 390 daAuts
